 Dungeon Crawl Stone Soup version 0.29.1-13-g9f3cf754e1 (webtiles) character file.

Game seed: 17916720780873278303

43 NegativICE91 the Sneak (level 3, 0/16 HPs)
             Began as a Spriggan Enchanter on Feb 5, 2023.
             Succumbed to an adder's poison
             ... on level 2 of the Dungeon on Feb 6, 2023.
             The game lasted 00:33:10 (1693 turns).

NegativICE91 the Sneak (Spriggan Enchanter)         Turns: 1693, Time: 00:33:10

Health: 0/16       AC:  2    Str:  6    XL:     3   Next: 37%
Magic:  5/8        EV: 17    Int: 16    God:
Gold:   53         SH:  0    Dex: 15    Spells: 3/8 levels left

rFire   . . .      SeeInvis +   f - +2 dagger (vamp)
rCold   . . .      Faith    .   (no shield)
rNeg    . . .      Spirit   .   b - +0 robe
rPois   .          Reflect  .   (helmet restricted)
rElec   .          Harm     .   (no cloak)
rCorr   .          Rampage  .   (gloves unavailable)
Will    .....                   (boots unavailable)
Stlth   +++.......              (no amulet)
HPRegen 0.05/turn               (no ring)
MPRegen 0.11/turn               (no ring)

@: lethally poisoned (0 -> -3), confusing by touch, very quick
A: very small, no large weapons, unfitting armour, see invisible, speed 3
a: no special abilities


You were on level 2 of the Dungeon.
You visited 1 branch of the dungeon, and saw 2 of its levels.

You collected 53 gold pieces.

Inventory:

Hand Weapons
 a - a +1 dagger
 f - a +2 vampiric dagger (weapon)
 j - a +0 short sword
 m - a +0 whip
Missiles
 k - 12 stones (quivered)
Armour
 b - a +0 robe (worn)
 o - a scarf of resistance
 p - a +0 ring mail
Jewellery
 e - a ring of flight
 i - an amulet of guardian spirit
 q - a ring of flight
Scrolls
 d - a scroll of poison {unknown}
 g - a scroll of noise {unknown}
 h - 2 scrolls of identify {unknown}
 n - a scroll of magic mapping {unknown}
 r - a scroll of fog {unknown}
Potions
 c - a potion of invisibility


   Skills:
 + Level 2.3 Short Blades
 - Level 2.6 Dodging
 + Level 5.4 Stealth
 - Level 3.0 Spellcasting
 - Level 4.0 Hexes


You had 3 spell levels left.
You knew the following spells:

 Your Spells              Type           Power      Damage    Failure   Level
a - Confusing Touch       Hex            15%        N/A       11%         3
s - Ensorcelled Hibernat  Hex/Ice        16%        N/A       12%         2

Your spell library contained the following spells:

 Spells                   Type           Power      Damage    Failure   Level
 Tukima's Dance           Hex            15%        N/A       11%         3
 Dazzling Flash           Conj/Hex       16%        N/A       24%         3


Dungeon Overview and Level Annotations

Branches:
Dungeon (2/15)

Altars:


Innate Abilities, Weirdness & Mutations

You are very small and have problems with some larger weapons.
You are too small for most types of armour.
You have supernaturally acute eyesight. (SInv)
You cover ground extremely quickly. (Speed+++)


Message History

You don't know that spell.
Casting: Confusing Touch (extremely dangerous; 11% risk of failure)
Confirm with . or Enter, or press ? or * to list all spells.
You don't know that spell.
Casting: Confusing Touch (extremely dangerous; 11% risk of failure)
Confirm with . or Enter, or press ? or * to list all spells.
You don't know that spell.
Casting: Confusing Touch (extremely dangerous; 11% risk of failure)
Confirm with . or Enter, or press ? or * to list all spells.
The spell is extremely dangerous to miscast (11% risk of failure)!
Continue anyway?
Okay, then.
Casting: Confusing Touch (extremely dangerous; 11% risk of failure)
Confirm with . or Enter, or press ? or * to list all spells.
The spell is extremely dangerous to miscast (11% risk of failure)!
Continue anyway?
Your hands begin to glow red.
The adder barely misses you.
You hit the adder but do no damage.
The adder is lightly wounded.
The adder bites you.
You are poisoned.
The adder poisons you! The adder bites you.
You are lethally poisoned!
The adder poisons you!
You hit the adder but do no damage.
The adder is lightly wounded.
You feel very sick. The adder bites you.
You feel sick.
* * * LOW HITPOINT WARNING * * *
You feel sick.
* * * LOW HITPOINT WARNING * * *
You feel sick.
Okay, then.
There is a lethal amount of poison in your body!
* * * LOW HITPOINT WARNING * * *
You feel sick.
You hit the adder but do no damage.
* * * LOW HITPOINT WARNING * * *
You feel sick. The adder misses you.
You hit the adder but do no damage.
You die...

######### #.......# #.......#
#.......#########
#.......#.w.....####
#########......@S............
#...............#####........
##....†.......................
.......................##.....
#.............####.....# .....
..............# .....# ###.
#......>......# ......
#.#####+##....# ##### #.##
#.##....#.#.#


You could see a worm and an adder.

Vanquished Creatures
  An adder (D:2)
  A dart slug (D:1)
  4 ball pythons
  2 endoplasms (D:2)
  3 giant cockroaches
  2 goblins (D:1)
  A hobgoblin (D:2)
  4 kobolds (D:1)
  4 bats (D:1)
  9 frilled lizards (D:1)
  3 rats
34 creatures vanquished.

Notes
Turn   | Place    | Note
-------+----------+-------------------------------------------
     0 | D:1      | NegativICE91 the Spriggan Enchanter began the quest for the
                  | Orb.
     0 | D:1      | Reached XP level 1. HP: 9/9 MP: 5/5
    82 | D:1      | Found a faded altar of an unknown god.
   652 | D:1      | Reached XP level 2. HP: 12/13 MP: 7/7
   670 | D:1      | Learned a level 2 spell: Ensorcelled Hibernation
   821 | D:1      | Reached skill level 5 in Stealth
  1246 | D:2      | Reached XP level 3. HP: 4/16 MP: 1/8
  1574 | D:2      | Learned a level 3 spell: Confusing Touch
  1693 | D:2      | Succumbed to an adder's poison

Illustrated notes

Levels and vault maps discovered:
D:1:      shiori_arrival_elements, layout_basic,
          shapermc_ecumenical_altar_ellora, minmay_lizard_pond
D:2:      minmay_angry_zag, layout_basic, wander_ebering_terrifying_dragon_lair,
          uniq_robin, uniq_natasha

Skill      XL: |  1  2 |
---------------+-------+-----
Spellcasting   | 3 |  3.0
Stealth        | 5 |  5.4
Short Blades   | 2 |  2.3
Hexes          | 4 |  4.0
Dodging        | |  2.6

Action                   || total
-------------------------++-------
Melee: Dagger            ||   102
Throw: Stone             ||     5
 Cast: Ensorcelled Hiber ||     2
       Confusing Touch   ||     1
  Use: Potion            ||     3
 Stab: Sleeping          ||    12
Armor: Robe              ||     8
Dodge: Dodged            ||    83
